 Dungeon Crawl Stone Soup version 0.18-a0-1078-gebb93d0 (webtiles) character file.

114 ater218 the Shield-Bearer (level 4, -6/35 HPs)
             Began as a Vampire Fighter on Jan 14, 2016.
             Mangled by timbw's ghost (9 damage)
             ... on level 4 of the Dungeon.
             The game lasted 00:12:31 (2145 turns).

ater218 the Shield-Bearer (Vampire Fighter)         Turns: 2145, Time: 00:12:31

Health: -6/35      AC:  6    Str: 15    XL:     4   Next: 67%
Magic:  4/4        EV:  7    Int: 10    God:
Gold:   214        SH:  9    Dex: 14    Spells: 0 memorised, 3 levels left

rFire  . . .     SeeInvis +     l - +1 short sword (drain)
rCold  . . .     Gourm    .     b - +0 scale mail
rNeg   . . .     Faith    .     c - +0 shield
rPois  .         Spirit   .     (no helmet)
rElec  .         Dismiss  .     (no cloak)
rCorr  .         Reflect  .     (no gloves)
SustAt .         Harm     .     (no boots)
MR     .....                    (no amulet)
Stlth  ..........               (no ring)
                                (no ring)

@: regenerating quickly, not resistant to hostile enchantments, extremely
unstealthy
A: fangs 3, see invisible, unbreathing
a: no special abilities


You were on level 4 of the Dungeon.
You were very full.

You visited 1 branch of the dungeon, and saw 4 of its levels.

You collected 214 gold pieces.

Inventory:

Hand Weapons
 a - a +0 long sword
 l - a +1 short sword of draining (weapon)
Armour
 b - a +0 scale mail (worn)
 c - a +0 shield (worn)
Wands
 i - a wand of frost (18/48)
Scrolls
 h - 2 scrolls of teleportation
Potions
 d - a potion of might
 e - 14 potions of blood
 j - 3 potions of curing


   Skills:
 - Level 3.0 Fighting
 * Level 2.9(3.4) Short Blades
 - Level 2.4(3.0) Long Blades
 - Level 2.7 Armour
 - Level 1.4 Dodging
 - Level 3.1 Shields


You had 3 spell levels left.
You didn't know any spells.

Dungeon Overview and Level Annotations

Branches:
Dungeon (4/15)
 Temple: D:4-7

Altars:
Ashenzari
Vehumet

Annotations:
D:3 Grinder
D:4 timbw's ghost, weakling VSFi


Innate Abilities, Weirdness & Mutations

Your natural rate of healing is unusually fast.
You have razor-sharp teeth.
You have supernaturally acute eyesight.
You can survive without breathing.


Message History

Timbw's ghost is moderately damaged.
Timbw's ghost hits you!
You hit timbw's ghost but do no damage.
Timbw's ghost is moderately damaged.
Timbw's ghost makes a sound of rattling chains.
You block timbw's ghost's attack.
You hit timbw's ghost.
Timbw's ghost is moderately damaged.
Timbw's ghost hits you.
You hit timbw's ghost but do no damage.
Timbw's ghost is moderately damaged.
Timbw's ghost hits you.
You hit timbw's ghost but do no damage.
Timbw's ghost is moderately damaged.
Timbw's ghost hits you!
* * * LOW HITPOINT WARNING * * *
You completely miss timbw's ghost.
Timbw's ghost is moderately damaged.
Timbw's ghost hits you!
You die...

#.#.########.# +...
#.....# #.# #... #######
#.# ####... #.# .......
#.# ....... #.# .......
#.#
.......###############.##
.......W@...............#
.....?.##################
a...... ##..... #.....
#..... ###+##


You could see timbw's ghost.

Vanquished Creatures
  An orc wizard (D:4)
  2 adders
  An ooze (D:4)
  An adder skeleton (D:4)
  A giant gecko (D:1)
  8 giant cockroaches
  6 goblins
  4 hobgoblins
  7 jackals
  7 kobolds
  2 quokkas (D:2)
  A ball python (D:3)
  5 bats
  3 giant newts
  A jackal zombie (D:3)
  8 rats
58 creatures vanquished.

Notes
Turn   | Place    | Note
--------------------------------------------------------------
     0 | D:1      | ater218 the Vampire Fighter began the quest for the Orb.
     0 | D:1      | Reached XP level 1. HP: 17/17 MP: 1/1
    77 | D:1      | Found a shattered altar of Ashenzari.
   212 | D:1      | Reached XP level 2. HP: 21/23 MP: 2/2
   807 | D:1      | Reached skill level 1 in Dodging
   807 | D:1      | Reached XP level 3. HP: 24/28 MP: 3/3
  1002 | D:2      | Reached skill level 3 in Fighting
  1613 | D:2      | Reached skill level 1 in Short Blades
  1794 | D:3      | Found a radiant altar of Vehumet.
  1798 | D:3      | Noticed Grinder
  1798 | D:3      | Paralysed by Grinder for 2 turns
  1809 | D:3      | Reached XP level 4. HP: 32/35 MP: 4/4
  1820 | D:3      | Paralysed by Grinder for 5 turns
  1828 | D:3      | Paralysed by Grinder for 2 turns
  2127 | D:4      | Noticed timbw's ghost (weakling VSFi)
  2145 | D:4      | Mangled by timbw's ghost

Vault maps used:
D:1:      lordsloth_arrival_two_stooges, nicolae_ashenzari_panopticon
D:3:      cheibriados_altar_1, lemuel_round_altar, first_bread, st_stairs_9,
          vehumet_altar_wand_db, uniq_crazy_yiuf_cottage, uniq_natasha,
          uniq_grinder
D:4:      fedhas_bush_and_centaur_altar,
          nicolae_dithmenos_through_a_glass_darkly

Action                   |  1- 3 |  4- 6 || total
-------------------------+-------+-------++-------
Melee: Long sword        |    83 |       ||    83
       Short sword       |    64 |    38 ||   102
  Use: Scroll            |     7 |     3 ||    10
       Potion            |    11 |     4 ||    15
